Connexion

DALLAS Stars vs EDMONTON Oilers

Created - 31 décembre 2023 at 06:05

Goals
1 2 3 T
DALLAS Stars 1 2 3 6
EDMONTON Oilers 1 0 3 4
Shots
1 2 3 T
DALLAS Stars 13 9 9 31
EDMONTON Oilers 11 9 17 37

GoalsPenalties
1st period
1. EDMONTON Oilers , Arthur Kaliyev 9 (Nikolaj Ehlers 36, Tony DeAngelo 36) at 0:34
2. DALLAS Stars , Gemel Smith 13 (William Karlsson 9, Neal Pionk 26) at 18:09
Oliver Ekman-Larsson (EDM) for Slashing (Minor) at 11:13
2nd period
3. DALLAS Stars , Reilly Smith 15 (Neal Pionk 27, Colton Sissons 10) at 6:51
4. DALLAS Stars , Gemel Smith 14 (William Karlsson 10, Andreas Athanasiou 27) at 10:13
Jason Demers (DAL) for Tripping (Minor) at 13:01
3rd period
5. EDMONTON Oilers , Ryan O'Reilly 15 (Nikolaj Ehlers 37, Oliver Ekman-Larsson 34) at 0:26
6. DALLAS Stars , Gemel Smith 15 (William Karlsson 11, Neal Pionk 28) at 7:55
7. EDMONTON Oilers , Dylan Strome 13 (Alexander Romanov 5, Anthony Cirelli 12) at 10:06
8. DALLAS Stars , Colton Sissons 8 (Tomas Hertl 20, Nick Leddy 31) at 10:26
9. EDMONTON Oilers , Arthur Kaliyev 10 (Oliver Ekman-Larsson 35, Ryan O'Reilly 32) at 10:48
10. DALLAS Stars , Tomas Hertl 14 (Reilly Smith 23) at 14:44 (PP)
Gemel Smith (DAL) for Tripping (Minor) at 2:07
Oliver Ekman-Larsson (EDM) for Roughing (Minor) at 13:16
Goalie Stats
Joonas Korpisalo (DAL), 33 saves from 37 shots - (0,892), W, 21-20-1, 60:00 minutes
Juuse Saros (EDM), 25 saves from 31 shots - (0,806), L, 25-13-6, 60:00 minutes
3 StarsOfficial
1 - Gemel Smith (DAL)
2 - Arthur Kaliyev (EDM)
3 - Ryan O'Reilly (EDM)
Referees : Eric Furlatt and Chris Ciamaga
Linesman : Scott Cherrey and Tim Nowak
Game Note
Gemel Smith has scored a Hat Trick!
Finance
Level 1 -- Attendance: 6000 (100,00%) -- Ticket Income $720,000
Level 2 -- Attendance: 3839 (100,00%) -- Ticket Income $391,578
Level 3 -- Attendance: 2000 (100,00%) -- Ticket Income $102,000
Level 4 -- Attendance: 3370 (84,25%) -- Ticket Income $134,800
Luxury Box -- Attendance: 1000 (100,00%) -- Ticket Income $240,000
Game was played at the Rexall Place.
Total Attendance: 16209 (96,26%)
Total Ticket Income: $1,588,378
Other Income: $317,676
Total Income: $1,906,054



Team Name Goals Shots Shots Attemp Shots Blocked PIM HIT PP PK FO%
DALLAS Stars 63163104231 / 2 (50%)057%
EDMONTON Oilers 43771174190 / 2 (0%)143%

DALLAS Stars
Player Name POS G A P +/- PIM HIT SHT SB MP PP MP PP SHT PK MP PK SHT FO% FOT
Andreas AthanasiouC/LW/RW0111002010:510:0000:000100% 2
Blake ComeauLW/RW000001005:550:0000:0000% 0
Brent BurnsD0001021120:361:4001:4100% 0
Colton SissonsC/LW/RW1122016017:221:4200:000100% 1
Damon SeversonD000-2013225:191:4712:1700% 0
Dylan CozensC000-2021024:231:4502:29045% 31
Gemel SmithC/LW/RW3031236010:500:0000:0000% 1
Jason DemersD0002210114:040:0000:0000% 0
Johan LarssonC/LW/RW000000006:170:0000:2200% 0
Mikhail SergachevD000-2070225:191:4702:1700% 0
Neal PionkD0332000114:050:0000:0000% 0
Nick LeddyD0111020220:361:4001:4100% 0
Rasmus KupariC/LW/RW000000005:550:0000:00050% 6
Reilly SmithLW/RW1122004018:291:4201:0700% 0
Sebastien AhoC/LW/RW000-2002023:011:4501:0700% 1
Tomas HertlC/LW1122001017:221:4210:00068% 31
Tyler BertuzziLW/RW000-2023024:231:4512:29057% 7
William KarlssonC/LW0331012111:130:0000:22058% 12
EDMONTON Oilers
Player Name POS G A P +/- PIM HIT SHT SB MP PP MP PP SHT PK MP PK SHT FO% FOT
Alexander RomanovD011-1010014:370:0001:1900% 0
Anthony CirelliC011-2012113:430:0002:04056% 18
Arthur KaliyevRW2023025019:401:5910:000100% 1
Casey CizikasC000-100003:420:0000:000100% 1
Clayton KellerC/LW/RW000-1011121:321:5910:0000% 1
Dylan StromeC101-2003113:430:0002:04033% 3
Jack QuinnRW000-2001011:390:0000:0000% 0
Jonas SiegenthalerD0002011320:510:3301:1900% 0
Mackenzie EntwistleRW000-100003:420:0000:0000% 0
Mitch MarnerRW000-1003021:321:5900:0000% 1
Nico HischierC000-1026121:321:5910:00036% 28
Nikolaj EhlersLW0223014021:031:5911:2300% 1
Oliver Ekman-LarssonD0222461221:541:5700:0000% 0
Rasmus SandinD000-1001114:482:3000:0000% 0
Roman Josi D000-2011223:541:2802:0800% 0
Ryan O'ReillyC/LW1123025121:031:5901:23042% 33
Tony DeAngeloD011-2012423:541:2802:0800% 0
Yegor SharangovichC/LW000-100103:420:0000:00060% 5



Play-by-Play

1st period


0:01 of 1st period - Dylan Cozens wins face-off versus Ryan O'Reilly in neutral zone.
0:32 of 1st period - Shot by Nikolaj Ehlers.
0:32 of 1st period - Shot Misses the Net.
0:34 of 1st period - Shot by Arthur Kaliyev.
0:34 of 1st period - Goal by Arthur Kaliyev - DALLAS Stars : 0 - EDMONTON Oilers : 1.
0:35 of 1st period - Tomas Hertl wins face-off versus Nico Hischier in neutral zone.
0:52 of 1st period - Shot by Reilly Smith.
0:52 of 1st period - Shot Blocked by Oliver Ekman-Larsson.
0:54 of 1st period - Shot by Colton Sissons.
0:54 of 1st period - Stopped by Juuse Saros without a rebound.
0:55 of 1st period - William Karlsson wins face-off versus Anthony Cirelli in EDMONTON Oilers zone.
1:17 of 1st period - Icing by Alexander Romanov.
1:18 of 1st period - Anthony Cirelli wins face-off versus Rasmus Kupari in EDMONTON Oilers zone.
1:29 of 1st period - Shot by Dylan Strome.
1:29 of 1st period - Stopped by Joonas Korpisalo without a rebound.
1:30 of 1st period - Tomas Hertl wins face-off versus Nico Hischier in DALLAS Stars zone.
1:43 of 1st period - Shot by Reilly Smith.
1:43 of 1st period - Shot Blocked by Jonas Siegenthaler.
1:45 of 1st period - Shot by Colton Sissons.
1:45 of 1st period - Stopped by Juuse Saros without a rebound.
1:46 of 1st period - Dylan Cozens wins face-off versus Yegor Sharangovich in EDMONTON Oilers zone.
1:46 of 1st period - Damon Severson is hit by Roman Josi and loses puck.
1:53 of 1st period - Shot by Sebastien Aho.
1:53 of 1st period - Shot Blocked by Roman Josi .
1:55 of 1st period - Shot by Mikhail Sergachev.
1:55 of 1st period - Shot Misses the Net.
1:57 of 1st period - Shot by Damon Severson.
1:57 of 1st period - Stopped by Juuse Saros without a rebound.
1:58 of 1st period - William Karlsson wins face-off versus Ryan O'Reilly in EDMONTON Oilers zone.
1:58 of 1st period - Neal Pionk is hit by Oliver Ekman-Larsson and loses puck.
2:13 of 1st period - Shot by Gemel Smith.
2:13 of 1st period - Stopped by Juuse Saros without a rebound.
2:14 of 1st period - Nico Hischier wins face-off versus Dylan Cozens in EDMONTON Oilers zone.
2:14 of 1st period - Roman Josi is hit by Tyler Bertuzzi and loses puck.
2:22 of 1st period - Nico Hischier is hit by Mikhail Sergachev.
2:30 of 1st period - Damon Severson is hit by Nico Hischier and loses puck.
3:14 of 1st period - Icing by Nick Leddy.
3:15 of 1st period - Tomas Hertl wins face-off versus Ryan O'Reilly in DALLAS Stars zone.
3:21 of 1st period - Icing by Colton Sissons.
3:22 of 1st period - Tomas Hertl wins face-off versus Ryan O'Reilly in DALLAS Stars zone.
3:24 of 1st period - Icing by Reilly Smith.
3:25 of 1st period - Tomas Hertl wins face-off versus Ryan O'Reilly in DALLAS Stars zone.
3:40 of 1st period - Shot by Oliver Ekman-Larsson.
3:40 of 1st period - Stopped by Joonas Korpisalo without a rebound.
3:41 of 1st period - Anthony Cirelli wins face-off versus Rasmus Kupari in DALLAS Stars zone.
4:34 of 1st period - Dylan Strome is hit by William Karlsson and loses puck.
4:39 of 1st period - Shot by Andreas Athanasiou.
4:39 of 1st period - Stopped by Juuse Saros without a rebound.
4:40 of 1st period - Ryan O'Reilly wins face-off versus Tyler Bertuzzi in EDMONTON Oilers zone.
4:45 of 1st period - Sebastien Aho is hit by Ryan O'Reilly and loses puck.
4:57 of 1st period - Icing by Arthur Kaliyev.
4:58 of 1st period - Tomas Hertl wins face-off versus Ryan O'Reilly in EDMONTON Oilers zone.
4:58 of 1st period - Neal Pionk is hit by Oliver Ekman-Larsson.
5:02 of 1st period - Shot by Colton Sissons.
5:02 of 1st period - Shot Misses the Net.
5:26 of 1st period - Shot by Reilly Smith.
5:26 of 1st period - Shot Blocked by Ryan O'Reilly.
5:28 of 1st period - Shot by Neal Pionk.
5:28 of 1st period - Shot Blocked by Jonas Siegenthaler.
5:30 of 1st period - Shot by Colton Sissons.
5:30 of 1st period - Shot Blocked by Oliver Ekman-Larsson.
5:32 of 1st period - Shot by Reilly Smith.
5:32 of 1st period - Stopped by Juuse Saros without a rebound.
5:33 of 1st period - Dylan Cozens wins face-off versus Nico Hischier in EDMONTON Oilers zone.
5:54 of 1st period - Shot by Nico Hischier.
5:54 of 1st period - Stopped by Joonas Korpisalo without a rebound.
5:55 of 1st period - Yegor Sharangovich wins face-off versus William Karlsson in DALLAS Stars zone.
6:12 of 1st period - Shot by Yegor Sharangovich.
6:12 of 1st period - Stopped by Joonas Korpisalo without a rebound.
6:13 of 1st period - Dylan Cozens wins face-off versus Clayton Keller in DALLAS Stars zone.
6:58 of 1st period - Shot by Dylan Cozens.
6:58 of 1st period - Stopped by Juuse Saros without a rebound.
6:59 of 1st period - Tomas Hertl wins face-off versus Ryan O'Reilly in EDMONTON Oilers zone.
7:03 of 1st period - Tomas Hertl is hit by Oliver Ekman-Larsson and loses puck.
7:08 of 1st period - Shot by Brent Burns.
7:08 of 1st period - Stopped by Juuse Saros without a rebound.
7:09 of 1st period - Andreas Athanasiou wins face-off versus Yegor Sharangovich in EDMONTON Oilers zone.
7:23 of 1st period - Yegor Sharangovich is hit by Nick Leddy and loses puck.
7:43 of 1st period - Yegor Sharangovich is hit by Brent Burns and loses puck.
7:48 of 1st period - Shot by Yegor Sharangovich.
7:48 of 1st period - Shot Misses the Net.
7:50 of 1st period - Shot by Jonas Siegenthaler.
7:50 of 1st period - Shot Blocked by Brent Burns.
8:25 of 1st period - Shot by Roman Josi .
8:25 of 1st period - Shot Misses the Net.
8:27 of 1st period - Shot by Nikolaj Ehlers.
8:27 of 1st period - Shot Blocked by William Karlsson.
8:29 of 1st period - Shot by Tony DeAngelo.
8:29 of 1st period - Stopped by Joonas Korpisalo without a rebound.
8:30 of 1st period - Tomas Hertl wins face-off versus Nico Hischier in DALLAS Stars zone.
8:30 of 1st period - Tomas Hertl is hit by Nico Hischier.
8:33 of 1st period - Icing by Mikhail Sergachev.
8:34 of 1st period - Tomas Hertl wins face-off versus Nico Hischier in DALLAS Stars zone.
8:49 of 1st period - Shot by Nico Hischier.
8:49 of 1st period - Stopped by Joonas Korpisalo without a rebound.
8:50 of 1st period - Dylan Cozens wins face-off versus Ryan O'Reilly in DALLAS Stars zone.
9:28 of 1st period - Shot by Sebastien Aho.
9:28 of 1st period - Stopped by Juuse Saros without a rebound.
9:29 of 1st period - Tomas Hertl wins face-off versus Anthony Cirelli in EDMONTON Oilers zone.
9:49 of 1st period - Tomas Hertl is hit by Jonas Siegenthaler and loses puck.
10:02 of 1st period - Shot by Anthony Cirelli.
10:02 of 1st period - Stopped by Joonas Korpisalo without a rebound.
10:03 of 1st period - Rasmus Kupari wins face-off versus Nico Hischier in DALLAS Stars zone.
10:18 of 1st period - Shot by Mitch Marner.
10:18 of 1st period - Shot Blocked by Nick Leddy.
10:20 of 1st period - Shot by Rasmus Sandin.
10:20 of 1st period - Stopped by Joonas Korpisalo without a rebound.
10:21 of 1st period - Ryan O'Reilly wins face-off versus Dylan Cozens in DALLAS Stars zone.
10:25 of 1st period - Icing by Neal Pionk.
10:26 of 1st period - Nico Hischier wins face-off versus Dylan Cozens in DALLAS Stars zone.
10:47 of 1st period - Shot by Mitch Marner.
10:47 of 1st period - Deflect By Nico Hischier.
10:47 of 1st period - Stopped by Joonas Korpisalo with a rebound.
10:49 of 1st period - Shot by Nico Hischier.
10:49 of 1st period - Stopped by Joonas Korpisalo without a rebound.
10:50 of 1st period - Arthur Kaliyev wins face-off versus Tomas Hertl in DALLAS Stars zone.
10:50 of 1st period - Arthur Kaliyev is hit by Mikhail Sergachev.
10:54 of 1st period - Shot by Nikolaj Ehlers.
10:54 of 1st period - Shot Misses the Net.
11:03 of 1st period - Icing by Damon Severson.
11:04 of 1st period - Nico Hischier wins face-off versus Tomas Hertl in DALLAS Stars zone.
11:12 of 1st period - Reilly Smith is hit by Oliver Ekman-Larsson and loses puck.
11:13 of 1st period - Minor Penalty to Oliver Ekman-Larsson for Slashing.
11:14 of 1st period - Ryan O'Reilly wins face-off versus Dylan Cozens in EDMONTON Oilers zone.
11:51 of 1st period - Shot by Damon Severson.
11:51 of 1st period - Shot Misses the Net.
11:53 of 1st period - Shot by Damon Severson.
11:53 of 1st period - Stopped by Juuse Saros without a rebound.
11:54 of 1st period - Tomas Hertl wins face-off versus Anthony Cirelli in EDMONTON Oilers zone.
11:55 of 1st period - Shot by Nick Leddy.
11:55 of 1st period - Shot Blocked by Tony DeAngelo.
12:29 of 1st period - Shot by Nick Leddy.
12:29 of 1st period - Shot Misses the Net.
12:33 of 1st period - Shot by Reilly Smith.
12:33 of 1st period - Shot Blocked by Tony DeAngelo.
12:39 of 1st period - Shot by Tomas Hertl.
12:39 of 1st period - Deflect By Colton Sissons.
12:39 of 1st period - Shot Blocked by Dylan Strome.
14:45 of 1st period - Shot by Blake Comeau.
14:45 of 1st period - Shot Misses the Net.
14:55 of 1st period - Shot by Damon Severson.
14:55 of 1st period - Shot Blocked by Rasmus Sandin.
15:14 of 1st period - Sebastien Aho is hit by Anthony Cirelli and loses puck.
15:25 of 1st period - Shot by Dylan Strome.
15:25 of 1st period - Shot Misses the Net.
16:04 of 1st period - Icing by Dylan Cozens.
16:05 of 1st period - Dylan Cozens wins face-off versus Nico Hischier in DALLAS Stars zone.
16:49 of 1st period - Oliver Ekman-Larsson is hit by Dylan Cozens and loses puck.
17:04 of 1st period - Shot by Roman Josi .
17:04 of 1st period - Shot Misses the Net.
17:15 of 1st period - Icing by Brent Burns.
17:16 of 1st period - Dylan Cozens wins face-off versus Ryan O'Reilly in DALLAS Stars zone.
17:37 of 1st period - Shot by Colton Sissons.
17:37 of 1st period - Stopped by Juuse Saros without a rebound.
17:38 of 1st period - William Karlsson wins face-off versus Dylan Strome in EDMONTON Oilers zone.
18:05 of 1st period - Shot by William Karlsson.
18:05 of 1st period - Stopped by Juuse Saros with a rebound.
18:07 of 1st period - Shot by William Karlsson.
18:07 of 1st period - Shot Blocked by Anthony Cirelli.
18:09 of 1st period - Shot by Gemel Smith.
18:09 of 1st period - Goal by Gemel Smith - DALLAS Stars : 1 - EDMONTON Oilers : 1.
18:10 of 1st period - Ryan O'Reilly wins face-off versus Tomas Hertl in neutral zone.
Goals for this period are 1 for DALLAS Stars vs 1 for EDMONTON Oilers .
Shots for this period are 13 for DALLAS Stars vs 11 for EDMONTON Oilers .

2nd period


0:01 of 2nd period - Ryan O'Reilly wins face-off versus Tomas Hertl in neutral zone.
0:16 of 2nd period - Shot by Tony DeAngelo.
0:16 of 2nd period - Shot Blocked by Mikhail Sergachev.
0:18 of 2nd period - Shot by Tony DeAngelo.
0:18 of 2nd period - Stopped by Joonas Korpisalo without a rebound.
0:19 of 2nd period - Dylan Cozens wins face-off versus Nico Hischier in DALLAS Stars zone.
0:26 of 2nd period - Shot by Clayton Keller.
0:26 of 2nd period - Deflect By Nico Hischier.
0:26 of 2nd period - Shot Hit the Post.
0:28 of 2nd period - Shot by Jonas Siegenthaler.
0:28 of 2nd period - Shot Misses the Net.
0:51 of 2nd period - Clayton Keller is hit by Nick Leddy.
0:57 of 2nd period - Shot by Mitch Marner.
0:57 of 2nd period - Stopped by Joonas Korpisalo without a rebound.
0:58 of 2nd period - Tomas Hertl wins face-off versus Ryan O'Reilly in DALLAS Stars zone.
1:19 of 2nd period - Shot by Arthur Kaliyev.
1:19 of 2nd period - Stopped by Joonas Korpisalo without a rebound.
1:20 of 2nd period - Anthony Cirelli wins face-off versus William Karlsson in DALLAS Stars zone.
1:20 of 2nd period - Anthony Cirelli is hit by Jason Demers.
1:32 of 2nd period - Shot by Anthony Cirelli.
1:32 of 2nd period - Shot Misses the Net.
1:52 of 2nd period - Shot by William Karlsson.
1:52 of 2nd period - Shot Misses the Net.
1:54 of 2nd period - Shot by Gemel Smith.
1:54 of 2nd period - Stopped by Juuse Saros without a rebound.
1:55 of 2nd period - Tomas Hertl wins face-off versus Ryan O'Reilly in EDMONTON Oilers zone.
2:26 of 2nd period - Shot by Ryan O'Reilly.
2:26 of 2nd period - Deflect By Nikolaj Ehlers.
2:26 of 2nd period - Shot Misses the Net.
2:29 of 2nd period - Icing by Damon Severson.
2:30 of 2nd period - Nico Hischier wins face-off versus Tomas Hertl in DALLAS Stars zone.
2:43 of 2nd period - Shot by Nico Hischier.
2:43 of 2nd period - Shot Misses the Net.
3:01 of 2nd period - Shot by Clayton Keller.
3:01 of 2nd period - Shot Misses the Net.
4:08 of 2nd period - Mitch Marner is hit by Gemel Smith and loses puck.
4:15 of 2nd period - Shot by Andreas Athanasiou.
4:15 of 2nd period - Shot Misses the Net.
5:13 of 2nd period - Ryan O'Reilly is hit by Mikhail Sergachev and loses puck.
5:46 of 2nd period - Shot by Dylan Strome.
5:46 of 2nd period - Stopped by Joonas Korpisalo without a rebound.
5:47 of 2nd period - Yegor Sharangovich wins face-off versus Dylan Cozens in DALLAS Stars zone.
5:56 of 2nd period - Shot by Mackenzie Entwistle.
5:56 of 2nd period - Shot Misses the Net.
6:09 of 2nd period - Icing by Alexander Romanov.
6:10 of 2nd period - Casey Cizikas wins face-off versus Tomas Hertl in EDMONTON Oilers zone.
6:17 of 2nd period - Shot by Rasmus Sandin.
6:17 of 2nd period - Shot Blocked by Neal Pionk.
6:41 of 2nd period - Shot by Reilly Smith.
6:41 of 2nd period - Deflect By Colton Sissons.
6:41 of 2nd period - Stopped by Juuse Saros with a rebound.
6:51 of 2nd period - Shot by Reilly Smith.
6:51 of 2nd period - Goal by Reilly Smith - DALLAS Stars : 2 - EDMONTON Oilers : 1.
6:52 of 2nd period - Anthony Cirelli wins face-off versus Dylan Cozens in neutral zone.
7:02 of 2nd period - Icing by Nick Leddy.
7:03 of 2nd period - Ryan O'Reilly wins face-off versus Dylan Cozens in DALLAS Stars zone.
7:04 of 2nd period - Shot by Nikolaj Ehlers.
7:04 of 2nd period - Shot Misses the Net.
7:09 of 2nd period - Sebastien Aho is hit by Arthur Kaliyev and loses puck.
7:16 of 2nd period - Tony DeAngelo is hit by Tyler Bertuzzi and loses puck.
7:47 of 2nd period - Shot by Tyler Bertuzzi.
7:47 of 2nd period - Stopped by Juuse Saros with a rebound.
8:03 of 2nd period - Shot by Damon Severson.
8:03 of 2nd period - Stopped by Juuse Saros without a rebound.
8:04 of 2nd period - Anthony Cirelli wins face-off versus William Karlsson in EDMONTON Oilers zone.
8:04 of 2nd period - Anthony Cirelli is hit by Gemel Smith.
8:20 of 2nd period - Shot by Anthony Cirelli.
8:20 of 2nd period - Stopped by Joonas Korpisalo without a rebound.
8:21 of 2nd period - Tomas Hertl wins face-off versus Nico Hischier in DALLAS Stars zone.
8:26 of 2nd period - Shot by Jason Demers.
8:26 of 2nd period - Shot Blocked by Nico Hischier.
9:57 of 2nd period - Off-side.
9:58 of 2nd period - William Karlsson wins face-off versus Anthony Cirelli in neutral zone.
10:09 of 2nd period - Shot by Andreas Athanasiou.
10:09 of 2nd period - Stopped by Juuse Saros with a rebound.
10:11 of 2nd period - Shot by William Karlsson.
10:11 of 2nd period - Shot Blocked by Tony DeAngelo.
10:13 of 2nd period - Shot by Gemel Smith.
10:13 of 2nd period - Goal by Gemel Smith - DALLAS Stars : 3 - EDMONTON Oilers : 1.
10:14 of 2nd period - Ryan O'Reilly wins face-off versus Dylan Cozens in neutral zone.
10:39 of 2nd period - Icing by Tyler Bertuzzi.
10:40 of 2nd period - Anthony Cirelli wins face-off versus Dylan Cozens in DALLAS Stars zone.
10:53 of 2nd period - Tony DeAngelo is hit by Dylan Cozens and loses puck.
11:05 of 2nd period - Tyler Bertuzzi is hit by Tony DeAngelo and loses puck.
12:10 of 2nd period - Shot by Nikolaj Ehlers.
12:10 of 2nd period - Stopped by Joonas Korpisalo with a rebound.
13:01 of 2nd period - Minor Penalty to Jason Demers for Tripping.
13:02 of 2nd period - Tyler Bertuzzi wins face-off versus Nico Hischier in DALLAS Stars zone.
13:23 of 2nd period - Shot by Mitch Marner.
13:23 of 2nd period - Shot Misses the Net.
13:25 of 2nd period - Shot by Clayton Keller.
13:25 of 2nd period - Stopped by Joonas Korpisalo with a rebound.
13:27 of 2nd period - Shot by Mitch Marner.
13:27 of 2nd period - Shot Misses the Net.
13:31 of 2nd period - Shot by Nico Hischier.
13:31 of 2nd period - Stopped by Joonas Korpisalo with a rebound.
13:37 of 2nd period - Shot by Nico Hischier.
13:37 of 2nd period - Shot Blocked by Damon Severson.
13:39 of 2nd period - Shot by Mitch Marner.
13:39 of 2nd period - Shot Misses the Net.
13:53 of 2nd period - Sebastien Aho is hit by Arthur Kaliyev and loses puck.
14:02 of 2nd period - Shot by Ryan O'Reilly.
14:02 of 2nd period - Shot Blocked by Nick Leddy.
15:49 of 2nd period - Icing by Dylan Strome.
15:50 of 2nd period - Dylan Strome wins face-off versus Tomas Hertl in EDMONTON Oilers zone.
15:50 of 2nd period - Dylan Strome is hit by Colton Sissons.
16:19 of 2nd period - Icing by Tony DeAngelo.
16:20 of 2nd period - Yegor Sharangovich wins face-off versus Rasmus Kupari in EDMONTON Oilers zone.
16:33 of 2nd period - Yegor Sharangovich is hit by Blake Comeau and loses puck.
17:17 of 2nd period - Nikolaj Ehlers is hit by Brent Burns and loses puck.
17:36 of 2nd period - Shot by Sebastien Aho.
17:36 of 2nd period - Stopped by Juuse Saros without a rebound.
17:37 of 2nd period - Nico Hischier wins face-off versus Tomas Hertl in EDMONTON Oilers zone.
17:45 of 2nd period - Icing by Oliver Ekman-Larsson.
17:46 of 2nd period - Tomas Hertl wins face-off versus Nico Hischier in EDMONTON Oilers zone.
17:46 of 2nd period - Reilly Smith is hit by Oliver Ekman-Larsson.
18:26 of 2nd period - Shot by Nico Hischier.
18:26 of 2nd period - Shot Misses the Net.
18:40 of 2nd period - Shot by Nikolaj Ehlers.
18:40 of 2nd period - Shot Misses the Net.
18:42 of 2nd period - Shot by Ryan O'Reilly.
18:42 of 2nd period - Stopped by Joonas Korpisalo without a rebound.
18:43 of 2nd period - Anthony Cirelli wins face-off versus Dylan Cozens in DALLAS Stars zone.
19:51 of 2nd period - Shot by William Karlsson.
19:51 of 2nd period - Stopped by Juuse Saros without a rebound.
19:52 of 2nd period - Rasmus Kupari wins face-off versus Nikolaj Ehlers in EDMONTON Oilers zone.
Goals for this period are 2 for DALLAS Stars vs 0 for EDMONTON Oilers .
Shots for this period are 9 for DALLAS Stars vs 9 for EDMONTON Oilers .

3rd period


0:01 of 3rd period - Ryan O'Reilly wins face-off versus Dylan Cozens in neutral zone.
0:05 of 3rd period - Shot by Jonas Siegenthaler.
0:05 of 3rd period - Stopped by Joonas Korpisalo without a rebound.
0:06 of 3rd period - Ryan O'Reilly wins face-off versus Dylan Cozens in DALLAS Stars zone.
0:06 of 3rd period - Ryan O'Reilly is hit by Damon Severson.
0:09 of 3rd period - Nikolaj Ehlers is hit by Mikhail Sergachev and loses puck.
0:26 of 3rd period - Shot by Ryan O'Reilly.
0:26 of 3rd period - Goal by Ryan O'Reilly - DALLAS Stars : 3 - EDMONTON Oilers : 2.
0:27 of 3rd period - Tomas Hertl wins face-off versus Nico Hischier in neutral zone.
0:42 of 3rd period - Shot by Tomas Hertl.
0:42 of 3rd period - Deflect By Reilly Smith.
0:42 of 3rd period - Stopped by Juuse Saros with a rebound.
0:44 of 3rd period - Shot by Reilly Smith.
0:44 of 3rd period - Shot Blocked by Roman Josi .
0:46 of 3rd period - Shot by Colton Sissons.
0:46 of 3rd period - Shot Misses the Net.
0:48 of 3rd period - Shot by Nick Leddy.
0:48 of 3rd period - Deflect By Tomas Hertl.
0:48 of 3rd period - Shot Misses the Net.
1:12 of 3rd period - Shot by Colton Sissons.
1:12 of 3rd period - Deflect By Reilly Smith.
1:12 of 3rd period - Shot Misses the Net.
1:24 of 3rd period - Shot by Tyler Bertuzzi.
1:24 of 3rd period - Shot Misses the Net.
1:26 of 3rd period - Shot by Damon Severson.
1:26 of 3rd period - Shot Blocked by Clayton Keller.
2:07 of 3rd period - Minor Penalty to Gemel Smith for Tripping.
2:08 of 3rd period - Tyler Bertuzzi wins face-off versus Ryan O'Reilly in DALLAS Stars zone.
2:49 of 3rd period - Shot by Arthur Kaliyev.
2:49 of 3rd period - Stopped by Joonas Korpisalo without a rebound.
2:50 of 3rd period - Ryan O'Reilly wins face-off versus Tyler Bertuzzi in DALLAS Stars zone.
2:53 of 3rd period - Shot by Arthur Kaliyev.
2:53 of 3rd period - Shot Blocked by Damon Severson.
2:55 of 3rd period - Shot by Oliver Ekman-Larsson.
2:55 of 3rd period - Shot Blocked by Mikhail Sergachev.
2:57 of 3rd period - Shot by Nikolaj Ehlers.
2:57 of 3rd period - Stopped by Joonas Korpisalo without a rebound.
2:58 of 3rd period - Tyler Bertuzzi wins face-off versus Ryan O'Reilly in DALLAS Stars zone.
3:12 of 3rd period - Off-side.
3:13 of 3rd period - Nico Hischier wins face-off versus Sebastien Aho in neutral zone.
3:16 of 3rd period - Reilly Smith is hit by Clayton Keller and loses puck.
3:44 of 3rd period - Icing by Roman Josi .
3:45 of 3rd period - Nico Hischier wins face-off versus Tyler Bertuzzi in EDMONTON Oilers zone.
4:20 of 3rd period - Shot by Jack Quinn.
4:20 of 3rd period - Stopped by Joonas Korpisalo without a rebound.
4:21 of 3rd period - Tomas Hertl wins face-off versus Ryan O'Reilly in DALLAS Stars zone.
4:21 of 3rd period - Tomas Hertl is hit by Ryan O'Reilly.
5:26 of 3rd period - Shot by Gemel Smith.
5:26 of 3rd period - Stopped by Juuse Saros without a rebound.
5:27 of 3rd period - Dylan Cozens wins face-off versus Nico Hischier in EDMONTON Oilers zone.
5:28 of 3rd period - Shot by Sebastien Aho.
5:28 of 3rd period - Shot Misses the Net.
5:30 of 3rd period - Shot by Tyler Bertuzzi.
5:30 of 3rd period - Shot Misses the Net.
5:33 of 3rd period - Icing by Oliver Ekman-Larsson.
5:34 of 3rd period - Dylan Cozens wins face-off versus Mitch Marner in EDMONTON Oilers zone.
5:44 of 3rd period - Icing by Oliver Ekman-Larsson.
5:45 of 3rd period - William Karlsson wins face-off versus Nico Hischier in EDMONTON Oilers zone.
6:08 of 3rd period - Shot by Mitch Marner.
6:08 of 3rd period - Shot Misses the Net.
6:10 of 3rd period - Shot by Nico Hischier.
6:10 of 3rd period - Stopped by Joonas Korpisalo without a rebound.
6:11 of 3rd period - Anthony Cirelli wins face-off versus Dylan Cozens in DALLAS Stars zone.
6:52 of 3rd period - Icing by Nick Leddy.
6:53 of 3rd period - Ryan O'Reilly wins face-off versus Dylan Cozens in DALLAS Stars zone.
6:59 of 3rd period - Tyler Bertuzzi is hit by Nikolaj Ehlers and loses puck.
7:19 of 3rd period - Shot by Ryan O'Reilly.
7:19 of 3rd period - Stopped by Joonas Korpisalo without a rebound.
7:20 of 3rd period - Nico Hischier wins face-off versus Tomas Hertl in DALLAS Stars zone.
7:37 of 3rd period - Icing by Rasmus Sandin.
7:38 of 3rd period - Andreas Athanasiou wins face-off versus Nico Hischier in EDMONTON Oilers zone.
7:55 of 3rd period - Shot by Gemel Smith.
7:55 of 3rd period - Goal by Gemel Smith - DALLAS Stars : 4 - EDMONTON Oilers : 2.
7:56 of 3rd period - Ryan O'Reilly wins face-off versus Dylan Cozens in neutral zone.
8:04 of 3rd period - Icing by Damon Severson.
8:05 of 3rd period - Ryan O'Reilly wins face-off versus Dylan Cozens in DALLAS Stars zone.
8:07 of 3rd period - Nikolaj Ehlers is hit by Mikhail Sergachev and loses puck.
8:14 of 3rd period - Shot by Nikolaj Ehlers.
8:14 of 3rd period - Stopped by Joonas Korpisalo without a rebound.
8:15 of 3rd period - Dylan Cozens wins face-off versus Nico Hischier in DALLAS Stars zone.
8:28 of 3rd period - Shot by Mitch Marner.
8:28 of 3rd period - Stopped by Joonas Korpisalo without a rebound.
8:29 of 3rd period - Ryan O'Reilly wins face-off versus Tomas Hertl in DALLAS Stars zone.
8:49 of 3rd period - Shot by Nikolaj Ehlers.
8:49 of 3rd period - Stopped by Joonas Korpisalo without a rebound.
8:50 of 3rd period - Tyler Bertuzzi wins face-off versus Nico Hischier in DALLAS Stars zone.
8:58 of 3rd period - Shot by Mitch Marner.
8:58 of 3rd period - Shot Misses the Net.
10:00 of 3rd period - Shot by Tony DeAngelo.
10:00 of 3rd period - Shot Misses the Net.
10:02 of 3rd period - Shot by Roman Josi .
10:02 of 3rd period - Stopped by Joonas Korpisalo without a rebound.
10:03 of 3rd period - Anthony Cirelli wins face-off versus William Karlsson in DALLAS Stars zone.
10:06 of 3rd period - Shot by Dylan Strome.
10:06 of 3rd period - Goal by Dylan Strome - DALLAS Stars : 4 - EDMONTON Oilers : 3.
10:07 of 3rd period - Tomas Hertl wins face-off versus Dylan Strome in neutral zone.
10:22 of 3rd period - Shot by Tomas Hertl.
10:22 of 3rd period - Shot Blocked by Tony DeAngelo.
10:24 of 3rd period - Shot by Colton Sissons.
10:24 of 3rd period - Stopped by Juuse Saros with a rebound.
10:26 of 3rd period - Shot by Colton Sissons.
10:26 of 3rd period - Goal by Colton Sissons - DALLAS Stars : 5 - EDMONTON Oilers : 3.
10:27 of 3rd period - William Karlsson wins face-off versus Ryan O'Reilly in neutral zone.
10:44 of 3rd period - Shot by Nikolaj Ehlers.
10:44 of 3rd period - Deflect By Ryan O'Reilly.
10:44 of 3rd period - Stopped by Joonas Korpisalo with a rebound.
10:48 of 3rd period - Shot by Arthur Kaliyev.
10:48 of 3rd period - Goal by Arthur Kaliyev - DALLAS Stars : 5 - EDMONTON Oilers : 4.
10:49 of 3rd period - Dylan Cozens wins face-off versus Nico Hischier in neutral zone.
11:11 of 3rd period - Mitch Marner is hit by Mikhail Sergachev and loses puck.
11:31 of 3rd period - Clayton Keller is hit by Mikhail Sergachev and loses puck.
12:10 of 3rd period - Shot by Arthur Kaliyev.
12:10 of 3rd period - Stopped by Joonas Korpisalo without a rebound.
12:11 of 3rd period - Colton Sissons wins face-off versus Anthony Cirelli in DALLAS Stars zone.
12:39 of 3rd period - Off-side.
12:40 of 3rd period - William Karlsson wins face-off versus Ryan O'Reilly in neutral zone.
12:56 of 3rd period - William Karlsson is hit by Oliver Ekman-Larsson and loses puck.
13:16 of 3rd period - Minor Penalty to Oliver Ekman-Larsson for Roughing.
13:17 of 3rd period - Tomas Hertl wins face-off versus Anthony Cirelli in EDMONTON Oilers zone.
14:02 of 3rd period - Shot by Nick Leddy.
14:02 of 3rd period - Shot Blocked by Jonas Siegenthaler.
14:15 of 3rd period - Icing by Damon Severson.
14:16 of 3rd period - Dylan Cozens wins face-off versus Anthony Cirelli in DALLAS Stars zone.
14:42 of 3rd period - Shot by Tyler Bertuzzi.
14:42 of 3rd period - Stopped by Juuse Saros without a rebound.
14:43 of 3rd period - Tomas Hertl wins face-off versus Ryan O'Reilly in EDMONTON Oilers zone.
14:44 of 3rd period - Shot by Reilly Smith.
14:44 of 3rd period - Deflect By Tomas Hertl.
14:44 of 3rd period - Goal by Tomas Hertl - DALLAS Stars : 6 - EDMONTON Oilers : 4.
14:45 of 3rd period - Nico Hischier wins face-off versus Gemel Smith in neutral zone.
14:47 of 3rd period - Mitch Marner is hit by Gemel Smith and loses puck.
15:03 of 3rd period - Shot by Mitch Marner.
15:03 of 3rd period - Shot Misses the Net.
15:05 of 3rd period - Shot by Mitch Marner.
15:05 of 3rd period - Stopped by Joonas Korpisalo without a rebound.
15:06 of 3rd period - Dylan Cozens wins face-off versus Ryan O'Reilly in DALLAS Stars zone.
16:38 of 3rd period - Shot by Colton Sissons.
16:38 of 3rd period - Shot Misses the Net.
16:40 of 3rd period - Shot by Reilly Smith.
16:40 of 3rd period - Shot Misses the Net.
17:41 of 3rd period - Icing by Rasmus Kupari.
17:42 of 3rd period - Rasmus Kupari wins face-off versus Ryan O'Reilly in DALLAS Stars zone.
18:11 of 3rd period - Shot by Tyler Bertuzzi.
18:11 of 3rd period - Stopped by Juuse Saros without a rebound.
18:12 of 3rd period - Tomas Hertl wins face-off versus Anthony Cirelli in EDMONTON Oilers zone.
18:13 of 3rd period - Shot by Reilly Smith.
18:13 of 3rd period - Stopped by Juuse Saros without a rebound.
18:14 of 3rd period - Anthony Cirelli wins face-off versus Dylan Cozens in EDMONTON Oilers zone.
19:10 of 3rd period - Brent Burns is hit by Alexander Romanov and loses puck.
19:49 of 3rd period - Shot by Nikolaj Ehlers.
19:49 of 3rd period - Shot Misses the Net.
19:51 of 3rd period - Shot by Ryan O'Reilly.
19:51 of 3rd period - Stopped by Joonas Korpisalo without a rebound.
19:52 of 3rd period - Nico Hischier wins face-off versus William Karlsson in DALLAS Stars zone.
19:53 of 3rd period - Shot by Roman Josi .
19:53 of 3rd period - Deflect By Clayton Keller.
19:53 of 3rd period - Shot Blocked by Jason Demers.
Goals for this period are 3 for DALLAS Stars vs 3 for EDMONTON Oilers .
Shots for this period are 9 for DALLAS Stars vs 17 for EDMONTON Oilers .